 Dungeon Crawl Stone Soup version 0.28.0-53-g5a82cb258f (webtiles) character file.

Game seed: 9332774756807339125

53 DildoBatman the Conjurer (level 4, 0/29 (32) HPs)
             Began as a Formicid Conjurer on July 1, 2022.
             Constricted to death by a ball python (1 damage)
             ... on level 4 of the Dungeon.
             The game lasted 00:02:48 (1122 turns).

DildoBatman the Conjurer (Formicid Conjurer)        Turns: 1122, Time: 00:02:49

HP:   0/29 (32)     AC:  2    Str: 12    XL:     4   Next: 10%
MP:   5/7           EV:  9    Int: 17    God:
Gold: 71            SH:  0    Dex: 11    Spells: 5/8 levels left

rFire   . . .      SeeInvis +   b - +0 hunting sling
rCold   . . .      Faith    .   (no shield)
rNeg    . . .      Spirit   .   i - +0 robe
rPois   .          Reflect  .   (helmet unavailable)
rElec   .          Harm     .   (no cloak)
rCorr   .          Rampage  .   (no gloves)
Will    .....                   (no boots)
Stlth   ++........              (no amulet)
HPRegen 0.09/turn               (no ring)
MPRegen 0.10/turn               (no ring)

@: constricted, drained
A: permanent stasis, dig shafts and tunnels, antennae 3, four strong arms
a: Dig, Shaft Self


You were on level 4 of the Dungeon.
You visited 1 branch of the dungeon, and saw 3 of its levels.

You collected 71 gold pieces.

Inventory:

Hand Weapons
 a - a +0 long sword
 b - a +0 hunting sling (weapon)
Missiles
 f - 29 stones (quivered ammo)
 l - 30 arrows
Armour
 i - a +0 robe (worn)
Scrolls
 c - a scroll of enchant armour {unknown}
 d - a scroll of magic mapping {unknown}
 h - a scroll of summoning {unknown}
Potions
 e - a potion of resistance {unknown}
 g - 3 potions of lignification {unknown}
 j - a potion of cancellation {unknown}
 k - a potion of might {unknown}
 m - a potion of berserk rage {unknown}


   Skills:
 * Level 1.3 Fighting
 * Level 1.2 Armour
 - Level 1.7 Dodging
 - Level 2.4 Stealth
 * Level 2.6 Spellcasting
 * Level 4.2 Conjurations


You had 5 spell levels left.
You knew the following spells:

 Your Spells              Type           Power      Damage    Failure   Level
a - Searing Ray           Conj           32%        2d5       4%          2
c - Magic Dart            Conj           64%        1d6       3%          1

Your spell library contained the following spells:

 Spells                   Type           Power      Damage    Failure   Level
 Dazzling Flash           Conj/Hex       18%        N/A       22%         3
 Fulminant Prism          Conj/Hex       4%         3d6       58%         4
 Iskenderun's Mystic Bla  Conj/Tloc      9%         2d4       58%         4


Dungeon Overview and Level Annotations

Branches:
Dungeon (2/15)

Altars:


Innate Abilities, Weirdness & Mutations

You cannot be hasted, slowed, berserked, paralysed or teleported.
You can dig through walls and to a lower floor.
You have a pair of large antennae on your head. (SInv)
Your four strong arms can wield two-handed weapons with a shield.


Message History

The kobold hits you with a +1 short sword of draining.
You feel drained. What are your orders? t - Shout!
Orders for allies: a - Attack new target. r - Retreat! s - Stop attacking. g - Guard the area. f - Follow me.
Anything else - Cancel.
You shout for attention!
The ball python bites you but does no damage.
The ball python constricts you.
The ball python bites you but does no damage.
The ball python constricts you. The goblin completely misses you.
The kobold hits you with a +1 short sword of draining.
You feel drained. The goblin hits you with a +0 dagger.
What are your orders? t - Shout!
Orders for allies: a - Attack new target. r - Retreat! s - Stop attacking. g - Guard the area. f - Follow me.
Anything else - Cancel.
You shout for attention!
The ball python misses you. The ball python constricts you.
The goblin closely misses you. The kobold hits you but does no damage.
You feel drained. The goblin barely misses you.
What are your orders? t - Shout!
Orders for allies: a - Attack new target. r - Retreat! s - Stop attacking. g - Guard the area. f - Follow me.
Anything else - Cancel.
You shout for attention!
The ball python barely misses you. The ball python constricts you.
You die...

#########
#.......##
######.........
........K......
......g@g......
######..S......
###.....#.
.#....# ......#
.#....# .#. ..#
.. ...#


You could see 2 goblins, a ball python and a kobold.

Vanquished Creatures
  2 adders (D:2)
  A dart slug (D:1)
  4 endoplasms
  A giant cockroach (D:1)
  2 goblins
  5 hobgoblins
  3 quokkas (D:1)
  2 ball pythons (D:2)
  4 bats
  A frilled lizard (D:2)
  2 kobolds (D:1)
  4 rats
31 creatures vanquished.

Notes
Turn   | Place    | Note
-------+----------+-------------------------------------------
     0 | D:1      | DildoBatman the Formicid Conjurer began the quest for the
                  | Orb.
     0 | D:1      | Reached XP level 1. HP: 13/13 MP: 3/3
   229 | D:1      | Reached skill level 4 in Conjurations
   229 | D:1      | Reached XP level 2. HP: 16/19 MP: 1/5
   232 | D:1      | Learned a level 2 spell: Searing Ray
   630 | D:1      | Reached XP level 3. HP: 25/25 MP: 2/6
   745 | D:2      | Reached skill level 1 in Fighting
   745 | D:2      | Reached skill level 1 in Armour
  1069 | D:2      | Found a faded altar of an unknown god.
  1106 | D:2      | Reached XP level 4. HP: 32/32 MP: 4/7
  1108 | D:2      | You fall into a shaft and drop 2 floors!
  1121 | D:4      | HP: 1/30 [constriction (1)]
  1122 | D:4      | Constricted to death by a ball python

Illustrated notes

Levels and vault maps discovered:
D:1:      minmay_arrival_cross, layout_basic
D:2:      layout_loops_cross, shapermc_ecumenical_altar_ellora
D:4:      layout_basic, nemelex_spade_bored_becter

Skill      XL: |  1  2  3 |
---------------+----------+-----
Conjurations   | 4 |  4.2
Fighting       | 1 |  1.3
Armour         | 1 |  1.2
Dodging        | |  1.7
Stealth        | |  2.4
Spellcasting   | |  2.6

Action                   |  1- 3 |  4- 6 || total
-------------------------+-------+-------++-------
Melee: Unarmed           |     4 |       ||     4
       Short sword       |     1 |       ||     1
       Long sword        |     4 |       ||     4
 Fire: Hunting sling     |     6 |       ||     6
 Cast: Magic Dart        |    37 |       ||    37
       Searing Ray       |     4 |       ||     4
 Abil: Shaft Self        |       |     1 ||     1
Armor: Robe              |     5 |     8 ||    13
Dodge: Dodged            |     7 |    12 ||    19
